[Event "Titled Tuesday Blitz December 13 Early 2022"]
[White "Djokic, Mihailo"]
[Black "Itkis, Boris"]
[WhiteFideId "976440"]
[BlackFideId "1209167"]
[WhiteElo "2294"]
[BlackElo "2216"]
[Result "1-0"]
[Round "03"]
[TimeControl "180+1"]
[Date "2022.12.14"]
[WhiteClock "0:02:20"]
[BlackClock "0:00:07"]

1. e4 c5 2. Nf3 Nc6 3. d4 cxd4 4. Nxd4 g6 5. Nc3 Bg7 6. Be3 Nf6 7. Bc4 O-O 8. Bb3 d6 9. h3 Bd7 10. O-O a5 11. a4 Rc8 12. f4 Nh5 13. Ndb5 Be6 14. Bxe6 fxe6 15. Qg4 Qd7 16. Nd5 Nf6 17. Nxf6+ Rxf6 18. Rad1 Nb4 19. c3 Nc2 20. Bb6 Qc6 21. Bd4 Nxd4 22. Rxd4 Rcf8 23. b3 Rxf4 24. Qxe6+ Kh8 25. Rxf4 Rxf4 26. Rc4 Qb6+ 27. Nd4 Bxd4+ 28. cxd4 Qxb3 29. Rc8+ Kg7 30. Qxb3 1-0


[Site "https://www.chess.com"]

[Event "Titled Tuesday Blitz December 13 Early 2022"]
[White "Domingo Nunez, Ruben"]
[Black "Ozen, Bahadir"]
[WhiteFideId "22245570"]
[BlackFideId "6337058"]
[WhiteElo "2406"]
[BlackElo "2503"]
[Result "1/2-1/2"]
[Round "03"]
[TimeControl "180+1"]
[Date "2022.12.13"]
[WhiteClock "0:01:23"]
[BlackClock "0:01:24"]

1. b3 d5 2. Bb2 Bf5 3. Nf3 e6 4. e3 h6 5. Be2 Nf6 6. O-O Be7 7. c4 O-O 8. Nc3 c6 9. d4 Nbd7 10. Rc1 a5 11. h3 Ne4 12. Na4 Qb8 13. c5 Rc8 14. Ne5 Nxe5 15. dxe5 b5 16. Nb6 Nxc5 17. Nxc8 Qxc8 18. Bd4 Ne4 19. Bxb5 c5 20. Bd3 Qb7 21. Bxe4 Bxe4 22. Bxc5 Bd8 23. Bd4 a4 24. bxa4 Be7 25. Qb3 Qa6 26. Rc7 Bf8 27. Qb2 Qxa4 28. Rfc1 Ba3 29. Rc8+ Kh7 30. Qb7 Bxc1 31. Rxa8 Qd1+ 32. Kh2 Qf1 33. f3 Bxf3 34. gxf3 Qf2+ 35. Kh1 Qf1+ 36. Kh2 Qf2+ 37. Kh1 Qf1+ 38. Kh2 1/2-1/2


[Site "https://www.chess.com"]

[Event "Titled Tuesday Blitz December 13 Early 2022"]
[White "Donchenko, Alexander"]
[Black "Dubov, Daniil"]
[WhiteFideId "24603295"]
[BlackFideId "24126055"]
[WhiteElo "2581"]
[BlackElo "2792"]
[Result "0-1"]
[Round "03"]
[TimeControl "180+1"]
[Date "2022.12.13"]
[WhiteClock "0:00:07"]
[BlackClock "0:00:24"]

1. Nf3 Nf6 2. g3 c5 3. Bg2 Nc6 4. c4 g6 5. d4 cxd4 6. Nxd4 Bg7 7. Nc3 O-O 8. O-O Nxd4 9. Qxd4 d6 10. Qd3 Bf5 11. e4 Be6 12. b3 Qa5 13. Bd2 Qh5 14. Rad1 Ng4 15. h3 Ne5 16. Qe2 Qxe2 17. Nxe2 Rfc8 18. Nf4 Bd7 19. Be3 Kf8 20. a4 Nc6 21. Nd5 Rd8 22. Rb1 b6 23. Rfd1 Rac8 24. f4 e6 25. Nxb6 axb6 26. Bxb6 Bc3 27. Rxd6 Bb4 28. Rd3 e5 29. Rbd1 Ke7 30. h4 Rb8 31. Bc7 Rb7 32. Bxd8+ Nxd8 33. fxe5 Ne6 34. Bh3 Bc6 35. Bg2 Nc5 36. Rd8 Nxb3 37. Rc8 Bd7 38. Rh8 h5 39. Kh2 Nc5 40. Rb1 Bxa4 41. g4 hxg4 42. Kg3 Bd7 43. h5 Bc3 44. Rxb7 Bxe5+ 45. Kh4 Bf6+ 46. Kg3 Nxb7 47. Rb8 Be5+ 0-1


[Site "https://www.chess.com"]

[Event "Titled Tuesday Blitz December 13 Early 2022"]
[White "Ezat, Mohamed"]
[Black "Moskvin, Anatoly"]
[WhiteFideId "10600906"]
[BlackFideId "24199990"]
[WhiteElo "2388"]
[BlackElo "2104"]
[Result "1-0"]
[Round "03"]
[TimeControl "180+1"]
[Date "2022.12.14"]
[WhiteClock "0:00:18"]
[BlackClock "0:00:11"]

1. d4 Nf6 2. Nc3 e6 3. Bg5 Bb4 4. e3 d5 5. Bd3 Nbd7 6. Nf3 h6 7. Bh4 b6 8. O-O Bb7 9. Ne5 Nxe5 10. dxe5 Bxc3 11. bxc3 g5 12. exf6 gxh4 13. Qf3 Rg8 14. a4 a5 15. Rab1 Qd6 16. Bb5+ Bc6 17. Qf4 Kd7 18. Qxh4 Bxb5 19. Rxb5 Rg6 20. c4 Rag8 21. g3 dxc4 22. Qxc4 Rxg3+ 23. fxg3 Rxg3+ 24. Kh1 Rxe3 25. Rb3 Re5 26. Rd3 Rd5 27. Rxd5 exd5 28. Qg4+ Kc6 29. c4 d4 30. Qe4+ Kc5 31. Qf5+ Kxc4 32. Rc1+ Kb3 33. Qc2+ Ka3 34. Ra1+ Kb4 35. Rb1+ 1-0


[Site "https://www.chess.com"]

[Event "Titled Tuesday Blitz December 13 Early 2022"]
[White "Fabris, Alberto"]
[Black "Mihailidis, Anastasios"]
[WhiteFideId "801348"]
[BlackFideId "4205588"]
[WhiteElo "2162"]
[BlackElo "2312"]
[Result "1-0"]
[Round "03"]
[TimeControl "180+1"]
[Date "2022.12.14"]
[WhiteClock "0:00:14"]
[BlackClock "0:00:19"]

1. e4 c5 2. Nf3 d6 3. d4 cxd4 4. Nxd4 Nf6 5. Nc3 g6 6. Be2 Bg7 7. O-O O-O 8. Be3 Nc6 9. f3 d5 10. Nxc6 bxc6 11. e5 Nd7 12. f4 e6 13. Na4 Qe7 14. a3 c5 15. Qd2 d4 16. Bf2 Bb7 17. b4 Rfd8 18. bxc5 Nxc5 19. Nxc5 Qxc5 20. Bd3 Qd5 21. Bg3 Bc6 22. Rfe1 Rac8 23. Rab1 Ba4 24. Rb2 Bf8 25. Ra1 Rb8 26. Rxb8 Rxb8 27. Qe2 Bb5 28. Bf2 Bc6 29. Bh4 Bh6 30. Bg3 Bf8 31. Bh4 h6 32. h3 a5 33. Be1 a4 34. Kh2 h5 35. Bh4 Bh6 36. Bg5 Kh7 37. Bxh6 Kxh6 38. Qf2 Kg7 39. Qg3 Bb5 40. Rb1 Rb7 41. Qg5 Bc6 42. Rxb7 Bxb7 43. Qf6+ Kg8 44. Qg5 Kh7 45. Qg3 Bc6 46. Qg5 Kg7 47. Qg3 Bb5 48. Qg5 Bxd3 49. cxd3 Qd7 50. Qf6+ Kf8 51. Qh8+ Ke7 52. Qa8 Qd5 53. Qxd5 exd5 54. g4 hxg4 55. hxg4 f6 56. exf6+ Kxf6 57. Kg3 Kf7 58. Kh4 Kf6 59. Kh3 Kf7 60. Kg3 Kf6 61. Kh4 Kf7 62. Kg5 Kg7 63. f5 gxf5 64. Kxf5 Kf7 65. Ke5 Kg6 66. Kxd5 Kg5 67. Kxd4 Kxg4 68. Kc5 Kf4 69. d4 Kf5 70. d5 Kf6 71. Kc6 Kf7 72. d6 Ke8 73. Kc7 1-0


[Site "https://www.chess.com"]

[Event "Titled Tuesday Blitz December 13 Early 2022"]
[White "Farmani Anosheh, Armin"]
[Black "Czopor, Maciej"]
[WhiteFideId "24613240"]
[BlackFideId "21805431"]
[WhiteElo "2289"]
[BlackElo "2324"]
[Result "0-1"]
[Round "03"]
[TimeControl "180+1"]
[Date "2022.12.14"]
[WhiteClock "0:00:01"]
[BlackClock "0:00:01"]

1. d4 Nf6 2. c4 g6 3. f3 Bg7 4. e4 c5 5. d5 O-O 6. Nc3 e6 7. Nge2 a6 8. a4 Re8 9. Ng3 exd5 10. cxd5 h5 11. Be2 h4 12. Nf1 d6 13. Bg5 h3 14. g4 Qa5 15. Qd2 b5 16. Bf4 b4 17. Nd1 Bxg4 18. Ng3 Bd7 19. Bxd6 Bb5 20. Ne3 Nbd7 21. O-O Bxe2 22. Qxe2 Qd8 23. Rad1 Rc8 24. Kh1 Nb6 25. Bf4 Nxa4 26. Bg5 Qb6 27. Nc4 Qb8 28. Ra1 Nh7 29. Be3 Nb6 30. Rxa6 Nxc4 31. Qxc4 Bxb2 32. d6 Red8 33. Rb1 Be5 34. f4 Bxd6 35. e5 Be7 36. e6 f5 37. Rg1 Qb7+ 38. Ne4 Qxe4+ 39. Qxe4 fxe4 40. Rxg6+ Kh8 41. Ra1 Bf6 42. Rf1 Rg8 43. Rh6 Rce8 44. f5 c4 45. Rxh3 c3 0-1


[Site "https://www.chess.com"]

[Event "Titled Tuesday Blitz December 13 Early 2022"]
[White "Fernandez Siles, Luis"]
[Black "Yaniuk, Volodymyr"]
[WhiteFideId "2209420"]
[BlackFideId "14133083"]
[WhiteElo "2186"]
[BlackElo "2141"]
[Result "0-1"]
[Round "03"]
[TimeControl "180+1"]
[Date "2022.12.14"]
[WhiteClock "0:00:10"]
[BlackClock "0:01:06"]

1. d4 d5 2. c4 e6 3. Nc3 a6 4. cxd5 exd5 5. Bf4 c6 6. e3 Bd6 7. Bxd6 Qxd6 8. Bd3 Ne7 9. Nge2 Bg4 10. O-O Nd7 11. Qc2 h5 12. e4 dxe4 13. Nxe4 Qe6 14. Nf4 Qh6 15. Qd2 O-O 16. h3 Bf5 17. Qe3 Rae8 18. Qf3 Bxe4 19. Bxe4 Nf6 20. Bc2 Rd8 21. Rad1 Rd7 22. Rfe1 Rfd8 23. Re5 Ng6 24. Nxg6 fxg6 25. Re6 Qg5 26. Bb3 Kh7 27. d5 cxd5 28. Rd4 Rf8 29. Qg3 Qc1+ 30. Kh2 Qh6 31. Bc2 Rff7 32. Rh4 Rfe7 33. Rxe7 Rxe7 34. Qf3 Ne4 35. g4 Qg5 0-1


[Site "https://www.chess.com"]

[Event "Titled Tuesday Blitz December 13 Early 2022"]
[White "Firouzja, Alireza"]
[Black "Boros, Denes"]
[WhiteFideId "12573981"]
[BlackFideId "722340"]
[WhiteElo "2904"]
[BlackElo "2464"]
[Result "1-0"]
[Round "03"]
[TimeControl "180+1"]
[Date "2022.12.13"]
[WhiteClock "0:00:07"]
[BlackClock "0:00:14"]

1. d4 Nf6 2. Nf3 d6 3. c4 Bg4 4. Nbd2 Nc6 5. h3 Bf5 6. d5 Nb8 7. Nd4 Bd7 8. e4 c5 9. Nc2 g6 10. b3 Bg7 11. Bb2 O-O 12. Bd3 Re8 13. O-O Na6 14. f4 e6 15. Qf3 Nxe4 16. Nxe4 Bxb2 17. Nxd6 Bxa1 18. Rxa1 exd5 19. Nxe8 Bxe8 20. cxd5 Nb4 21. Nxb4 cxb4 22. Rd1 Rc8 23. f5 Kg7 24. Rf1 Qf6 25. Qe3 Rc3 26. fxg6 Qb6 27. Qxb6 axb6 28. gxf7 Bxf7 29. Bxh7 Bxd5 30. Bf5 Re3 31. Rf2 Kh6 32. Kh2 Kg5 33. Bg4 Be4 34. Re2 Rxe2 35. Bxe2 Bb1 36. Bd1 Kf4 37. h4 Ke3 38. h5 Kd2 39. Bg4 Kc3 40. Be6 Bh7 41. g4 Kb2 42. Bf5 Kxa2 43. Bxh7 1-0


[Site "https://www.chess.com"]

[Event "Titled Tuesday Blitz December 13 Early 2022"]
[White "Ghosh, Chanchal Kumer"]
[Black "Redzisz, Michal"]
[WhiteFideId "10201858"]
[BlackFideId "21816107"]
[WhiteElo "2058"]
[BlackElo "2136"]
[Result "1-0"]
[Round "03"]
[TimeControl "180+1"]
[Date "2022.12.14"]
[WhiteClock "0:00:18"]
[BlackClock "0:00:09"]

1. e4 c5 2. Nf3 e6 3. d4 cxd4 4. Nxd4 Nc6 5. Nc3 Qc7 6. Be2 a6 7. O-O Nf6 8. Be3 b5 9. a3 Bb7 10. f4 Rc8 11. e5 Nxd4 12. Bxd4 Nd5 13. Ne4 Ne3 14. Bxe3 Bxe4 15. c3 Bc5 16. Bxc5 Qxc5+ 17. Kh1 f5 18. Bf3 Bxf3 19. Rxf3 g5 20. Rd3 Qe7 21. fxg5 Rg8 22. Qh5+ Kf8 23. h4 Rc5 24. Rad1 Rxe5 25. Rxd7 Re1+ 26. Kh2 Rxd1 27. Qxd1 Qc5 28. Rxh7 Qe5+ 29. Kh1 Rg7 30. Qd8+ Kf7 31. Qd7+ Kg6 32. Rh6# 1-0


[Site "https://www.chess.com"]

[Event "Titled Tuesday Blitz December 13 Early 2022"]
[White "Golizadeh, Asghar"]
[Black "Migot, Tangi"]
[WhiteFideId "12505269"]
[BlackFideId "662445"]
[WhiteElo "2403"]
[BlackElo "2585"]
[Result "0-1"]
[Round "03"]
[TimeControl "180+1"]
[Date "2022.12.14"]
[WhiteClock "0:00:02"]
[BlackClock "0:00:43"]

1. e4 c5 2. Nc3 a6 3. Nge2 b5 4. g3 Bb7 5. Bg2 Nc6 6. O-O h5 7. h3 h4 8. g4 g6 9. d4 cxd4 10. Nxd4 Bg7 11. Be3 Rc8 12. a3 Ne5 13. Nde2 d6 14. Kh2 Nf6 15. Ng1 Rxc3 16. bxc3 Nxe4 17. Bxe4 Bxe4 18. Bd4 O-O 19. f4 Nc6 20. Bxg7 Kxg7 21. f5 d5 22. Qd2 Qd6+ 23. Qf4 Qxf4+ 24. Rxf4 Bxc2 25. Ne2 g5 26. Rf2 Be4 27. f6+ exf6 28. Raf1 f5 29. gxf5 Kf6 30. Rd1 Ne5 31. Nd4 Rc8 32. a4 g4 33. Ra2 g3+ 34. Kg1 Rxc3 35. axb5 axb5 36. Ra6+ Kg5 37. Rf1 Rd3 38. Ra8 Rxd4 39. Rg8+ Kf6 40. Rh8 Rd2 41. Rh6+ Kg5 42. Rh8 Rh2 43. Rg8+ Kf6 44. Rg6+ fxg6 45. fxg6+ Kxg6 46. Rf4 Rh1# 0-1


[Site "https://www.chess.com"]

[Event "Titled Tuesday Blitz December 13 Early 2022"]
[White "Goltsev, Dmitry"]
[Black "Zhalmakhanov, Ramazan"]
[WhiteFideId "24176710"]
[BlackFideId "13706357"]
[WhiteElo "2327"]
[BlackElo "2432"]
[Result "0-1"]
[Round "03"]
[TimeControl "180+1"]
[Date "2022.12.13"]
[WhiteClock "0:00:06"]
[BlackClock "0:00:12"]

1. e4 c5 2. Nf3 Nc6 3. d4 cxd4 4. Nxd4 g6 5. Nc3 Bg7 6. Be3 Nf6 7. Be2 O-O 8. O-O d5 9. exd5 Nb4 10. Bf3 Nbxd5 11. Nxd5 Nxd5 12. Bxd5 Qxd5 13. c3 b6 14. Qf3 Bb7 15. Qxd5 Bxd5 16. Rfd1 Rfd8 17. b3 Rd7 18. Rac1 Rad8 19. Ne2 Be4 20. Rxd7 Rxd7 21. f3 Bd3 22. Rd1 Bf5 23. Rxd7 Bxd7 24. c4 Kf8 25. c5 bxc5 26. Bxc5 a6 27. Bd4 e5 28. Bc3 Ke7 29. Kf2 Ke6 30. Nf4+ Kd6 31. Nd3 f6 32. Bb4+ Kd5 33. Nc5 Bc8 34. Ne4 f5 35. Nc3+ Kc6 36. Ne2 Bh6 37. Bc3 Kd5 38. Bb2 Bd7 39. Nc3+ Ke6 40. Ne2 Bf8 41. Bc1 Bb4 42. a3 Bc5+ 43. Ke1 Bc6 44. b4 Bb6 45. Bd2 f4 46. Nc3 Kf5 47. a4 g5 48. b5 axb5 49. Nxb5 Bc5 50. Nc3 h5 51. a5 g4 52. Ke2 Bb7 53. h3 g3 54. Ke1 Bf2+ 55. Kd1 Ba6 56. Ne2 h4 57. Bb4 e4 58. fxe4+ Kxe4 59. Nc3+ Ke5 60. Ne2 f3 61. gxf3 g2 62. Bc3+ Kf5 63. Nd4+ Kg6 64. Kc2 g1=Q 65. Nc6 Qf1 66. Ne5+ Kf5 67. Ng4 Qd3+ 68. Kb3 Bc5 69. Kb2 Ba3+ 70. Kxa3 Qxc3+ 71. Ka4 Qc4+ 72. Ka3 Qc5+ 73. Ka4 Qb5+ 74. Ka3 Qxa5+ 75. Kb3 Qb5+ 76. Kc3 Qc4+ 77. Kd2 Kf4 78. Ne3 Qd4+ 79. Ke1 Qxe3+ 80. Kd1 Bc4 0-1


[Site "https://www.chess.com"]

[Event "Titled Tuesday Blitz December 13 Early 2022"]
[White "Goltseva, Ekaterina"]
[Black "Makhmudov, Shukhrat"]
[WhiteFideId "24173770"]
[BlackFideId "14200775"]
[WhiteElo "2200"]
[BlackElo "2135"]
[Result "1-0"]
[Round "03"]
[TimeControl "180+1"]
[Date "2022.12.14"]
[WhiteClock "0:00:09"]
[BlackClock "0:00:10"]

1. d4 Nf6 2. c4 e6 3. Nc3 Bb4 4. e3 c5 5. Nf3 Nc6 6. Bd3 Bxc3+ 7. bxc3 d6 8. e4 e5 9. d5 Ne7 10. Nd2 Ng6 11. h4 Nf4 12. Bf1 Bg4 13. f3 Bc8 14. g3 Ng6 15. h5 Nf8 16. Bh3 Bxh3 17. Rxh3 h6 18. Nf1 Qa5 19. Qb3 Rb8 20. Rb1 N8d7 21. Bd2 Nb6 22. Ne3 Nh7 23. Rh1 O-O 24. Nf5 Rfd8 25. Kf2 f6 26. Rh4 Ng5 27. Ke3 Qa6 28. f4 Nxc4+ 29. Kd3 Nxe4 30. Be1 Ncd2+ 31. Qb5 Nxb1 32. Qxa6 bxa6 33. Kxe4 Rb2 34. Kf3 Rc2 35. Rg4 Nxc3 36. Rxg7+ Kf8 37. Bxc3 Rxc3+ 38. Kg4 e4 39. Rh7 Kg8 40. Rg7+ Kh8 41. Re7 Rg8+ 42. Kh4 e3 43. Nxe3 Rd3 44. Nf5 Rxd5 45. Nxh6 Rg7 46. Re8+ Kh7 47. Ng4 Rf5 48. Rf8 c4 49. Nxf6+ Kh6 50. Rh8+ Rh7 51. Rxh7# 1-0


[Site "https://www.chess.com"]

[Event "Titled Tuesday Blitz December 13 Early 2022"]
[White "Goroshkov, Maksym"]
[Black "Xie, Bryan"]
[WhiteFideId "14142716"]
[BlackFideId "30941296"]
[WhiteElo "2258"]
[BlackElo "2033"]
[Result "1-0"]
[Round "03"]
[TimeControl "180+1"]
[Date "2022.12.14"]
[WhiteClock "0:00:29"]
[BlackClock "0:00:01"]

1. e4 c5 2. b4 cxb4 3. a3 e6 4. axb4 Bxb4 5. c3 Be7 6. Nf3 d5 7. exd5 exd5 8. d4 Nf6 9. Ne5 O-O 10. Bd3 Nc6 11. f4 Ne4 12. O-O f5 13. Qb3 Nxe5 14. fxe5 b6 15. Nd2 Kh8 16. Bb5 Bb7 17. Nxe4 dxe4 18. Be3 a6 19. Be2 b5 20. c4 Rb8 21. Qa2 bxc4 22. Bxc4 Rc8 23. d5 Bc5 24. Bxc5 Rxc5 25. d6 Rxe5 26. Rad1 Qb6+ 27. Kh1 e3 28. d7 Qc6 29. d8=Q Rxd8 30. Rxd8+ Re8 31. Bd5 e2 32. Qxe2 Rxd8 33. Bxc6 Bxc6 34. Rd1 Rc8 1-0


[Site "https://www.chess.com"]

[Event "Titled Tuesday Blitz December 13 Early 2022"]
[White "Grunberg, Mihai-Lucian"]
[Black "Putnam, Liam"]
[WhiteFideId "1204149"]
[BlackFideId "30938279"]
[WhiteElo "2363"]
[BlackElo "2082"]
[Result "1/2-1/2"]
[Round "03"]
[TimeControl "180+1"]
[Date "2022.12.14"]
[WhiteClock "0:00:14"]
[BlackClock "0:00:04"]

1. Nf3 Nf6 2. c4 g6 3. g3 Bg7 4. Bg2 O-O 5. O-O d6 6. d4 Nc6 7. Nc3 Bg4 8. h3 Bxf3 9. Bxf3 Nd7 10. e3 e5 11. d5 Ne7 12. Bg2 a5 13. b3 f5 14. Bb2 e4 15. Qc2 Nc5 16. Nb5 Bxb2 17. Qxb2 c6 18. dxc6 bxc6 19. Nd4 Qc8 20. Rfd1 Rd8 21. Qc3 Nd3 22. Rd2 c5 23. Nb5 d5 24. Bf1 d4 25. exd4 cxd4 26. Nxd4 Ne5 27. Be2 Nd5 28. Qb2 Nb4 29. Nb5 Qc5 30. Rad1 Nbd3 31. Bxd3 Nf3+ 32. Kg2 Nxd2 33. Rxd2 Rxd3 34. Re2 Qc6 35. Kh2 Rad8 36. Qe5 Qb6 37. Kg2 Qb7 38. Kh2 Rd1 39. Nc3 R1d7 40. Nd5 Rxd5 41. cxd5 Qxd5 42. Qxd5+ Rxd5 43. Rc2 Kg7 44. h4 Kf6 45. Kg2 h6 46. Kf1 Ke5 47. Ke2 g5 48. hxg5 hxg5 49. a3 f4 50. gxf4+ gxf4 51. Rb2 f3+ 52. Ke1 Kf4 53. b4 axb4 54. axb4 Rh5 55. b5 Rh1+ 56. Kd2 Rf1 57. Kc3 e3 58. fxe3+ Kxe3 59. Kc4 Rc1+ 60. Kd5 Rc8 61. b6 f2 62. Rxf2 Kxf2 63. b7 Rb8 64. Kc6 Ke3 65. Kc7 Rxb7+ 66. Kxb7 1/2-1/2


[Site "https://www.chess.com"]

[Event "Titled Tuesday Blitz December 13 Early 2022"]
[White "Guliev, Logman"]
[Black "Skliarov, Viktor"]
[WhiteFideId "13400061"]
[BlackFideId "14106736"]
[WhiteElo "2161"]
[BlackElo "2284"]
[Result "0-1"]
[Round "03"]
[TimeControl "180+1"]
[Date "2022.12.14"]
[WhiteClock "0:00:01"]
[BlackClock "0:01:00"]

1. e4 c5 2. Nf3 Nc6 3. d4 cxd4 4. Nxd4 Nf6 5. Nc3 e5 6. Ndb5 d6 7. Nd5 Nxd5 8. exd5 Nb8 9. c4 Be7 10. Be2 a6 11. Nc3 O-O 12. O-O Nd7 13. f4 f5 14. Kh1 Bf6 15. Qc2 g6 16. Be3 b6 17. Rac1 Ra7 18. g3 Rc7 19. a4 Bb7 20. b4 exf4 21. Bxf4 Ne5 22. Qb3 Qc8 23. Nd1 Nxc4 24. Ne3 Nd2 25. Rxc7 Qxc7 26. Qd3 Nxf1 27. Bxf1 Re8 28. Kg1 Be5 29. Bh6 Qc3 30. Qb1 Bd4 0-1


[Site "https://www.chess.com"]

[Event "Titled Tuesday Blitz December 13 Early 2022"]
[White "Harshavardhan G B"]
[Black "Keymer, Vincent"]
[WhiteFideId "25059009"]
[BlackFideId "12940690"]
[WhiteElo "2323"]
[BlackElo "2600"]
[Result "0-1"]
[Round "03"]
[TimeControl "180+1"]
[Date "2022.12.13"]
[WhiteClock "0:00:04"]
[BlackClock "0:00:11"]

1. d4 Nf6 2. c4 e6 3. Nf3 d5 4. Nc3 h6 5. g3 Be7 6. a3 O-O 7. g4 c5 8. g5 hxg5 9. Bxg5 cxd4 10. Qxd4 Nc6 11. Qh4 d4 12. Ne4 Nxe4 13. Bxe7 Qxe7 14. Qxe4 f5 15. Qf4 e5 16. Qg3 f4 17. Qg5 Re8 18. Qh5 Qf7 19. Qh4 Qf6 20. Ng5 Bf5 21. Bg2 e4 22. Qxf4 Bg6 23. Qg3 d3 24. O-O Nd4 25. Kh1 Nxe2 26. Qe3 Nf4 27. Nxe4 Qf7 28. Nd6 Rxe3 29. Nxf7 Re7 30. Ng5 Rd8 31. Rad1 d2 32. Nf3 Nxg2 33. Kxg2 Bh5 34. Kg3 Rf7 35. Ne5 Bxd1 36. Rxd1 Rf5 37. Nf3 Rd3 0-1


[Site "https://www.chess.com"]

[Event "Titled Tuesday Blitz December 13 Early 2022"]
[White "Hartikainen, Jarmo"]
[Black "Kirillov, Dmitry"]
[WhiteFideId "503134"]
[BlackFideId "34180572"]
[WhiteElo "2192"]
[BlackElo "2111"]
[Result "1-0"]
[Round "03"]
[TimeControl "180+1"]
[Date "2022.12.14"]
[WhiteClock "0:00:08"]
[BlackClock "0:00:02"]

1. e4 c6 2. d4 d5 3. Nc3 dxe4 4. Nxe4 Nf6 5. Nxf6+ exf6 6. Bf4 Bd6 7. Qf3 O-O 8. Bd3 Na6 9. c3 Nc7 10. Ne2 Nd5 11. Bg3 Re8 12. h4 Be6 13. h5 h6 14. Kf1 Qd7 15. Rh4 Rad8 16. Bxd6 Qxd6 17. Ng3 Nb6 18. Nf5 Qd5 19. Be4 Qb5+ 20. Kg1 Nc4 21. Rg4 Nd2 22. Rxg7+ Kf8 23. Qg4 Bxf5 24. Bxf5 c5 25. Rg8+ Ke7 26. Re1+ Kd6 27. Qf4+ Kd5 28. Rgxe8 Rxe8 29. Rxe8 Qxe8 30. Qxd2 c4 31. Qe3 Qf8 32. Qe4+ Kd6 33. Qxb7 Qd8 34. Qe4 Qb6 35. Qe2 Qb5 36. Bg4 Qg5 37. Bf3 Qc1+ 38. Kh2 Qg5 39. g3 Qc1 40. Kg2 a5 41. Qe3 Qxb2 42. Qf4+ Ke7 43. Qxh6 Qb6 44. Qe3+ Kf8 45. d5 Qd6 46. Qd4 a4 47. Qxc4 a3 48. Qc6 Kg7 49. Qxd6 1-0


[Site "https://www.chess.com"]

[Event "Titled Tuesday Blitz December 13 Early 2022"]
[White "Hoang, Canh Huan"]
[Black "Manelyuk, Daniil"]
[WhiteFideId "12400599"]
[BlackFideId "44173920"]
[WhiteElo "2283"]
[BlackElo "2210"]
[Result "0-1"]
[Round "03"]
[TimeControl "180+1"]
[Date "2022.12.14"]
[WhiteClock "0:00:12"]
[BlackClock "0:00:14"]

1. Nf3 c5 2. g3 Nc6 3. Bg2 g6 4. O-O Bg7 5. Nc3 e5 6. d3 Nge7 7. e4 O-O 8. Be3 d6 9. Nd5 Nxd5 10. exd5 Ne7 11. c4 a5 12. a4 f5 13. Ng5 f4 14. Bd2 Nf5 15. Ne6 Bxe6 16. dxe6 Nd4 17. Bxb7 Rb8 18. Bd5 Kh8 19. Bc3 Qg5 20. Bxd4 exd4 21. Qe2 Be5 22. Rab1 Rf6 23. Rfe1 Rbf8 24. b4 fxg3 25. fxg3 Rf2 26. Qxf2 Rxf2 27. Kxf2 cxb4 28. Kg1 Kg7 29. Re2 Bf6 30. Rf1 Be7 31. Rf7+ Kh6 32. Rf4 b3 33. Rxd4 b2 34. Re1 Qc1 35. Re4 b1=Q 36. Rxc1 Qxc1+ 37. Kg2 Qd2+ 38. Kh3 Qxd3 39. Kg4 Qd1+ 40. Kh3 Qxa4 41. Rf4 Qd1 42. Rf7 Qh5+ 43. Kg2 Qg5 44. h4 Qd2+ 45. Kh3 Bd8 46. e7 Bxe7 47. Rxe7 Qd1 48. Bg8 Qh1+ 49. Kg4 Qd1+ 50. Kh3 g5 51. Rxh7+ Kg6 52. h5+ Kf6 53. Rf7+ Ke5 54. Re7+ Kd4 55. h6 Qh5+ 56. Kg2 Qxh6 57. Re6 Qg7 58. Rxd6+ Kc5 59. Rd5+ Kb4 60. Rb5+ Kc3 61. Bd5 a4 62. Ra5 Kb4 63. Rb5+ Kc3 64. Ra5 Qd7 65. Kf3 Qf5+ 66. Kg2 Qc2+ 67. Kh3 Kb4 68. Rb5+ Kc3 69. Ra5 Kd4 70. Kg4 Qb3 71. Kxg5 a3 72. g4 a2 73. Rxa2 Qxa2 74. Kf5 Qf2+ 75. Kg5 Ke5 76. Bg8 Qf4+ 77. Kh5 Qf8 78. Bd5 Kf4 79. g5 Qe7 80. g6 Qg5# 0-1


[Site "https://www.chess.com"]

[Event "Titled Tuesday Blitz December 13 Early 2022"]
[White "Hrabinska, Myroslava"]
[Black "Fernandez Garcia, Gumersindo"]
[WhiteFideId "14109190"]
[BlackFideId "24516740"]
[WhiteElo "2171"]
[BlackElo "2140"]
[Result "0-1"]
[Round "03"]
[TimeControl "180+1"]
[Date "2022.12.14"]
[WhiteClock "0:00:01"]
[BlackClock "0:00:28"]

1. e4 d6 2. d4 Nf6 3. Nc3 e5 4. dxe5 dxe5 5. Qxd8+ Kxd8 6. Bc4 Ke8 7. Nf3 Nbd7 8. Ng5 Bb4 9. Nxf7 Rf8 10. Ng5 Nb6 11. Bd3 Bg4 12. h3 Bd7 13. Bd2 h6 14. Nf3 Bd6 15. Nb5 Bxb5 16. Bxb5+ c6 17. Bd3 Ke7 18. Bc3 Nfd7 19. a4 Kf6 20. a5 Nc8 21. Rd1 Nc5 22. b4 Na4 23. Ba1 Bxb4+ 24. Ke2 Nc3+ 25. Bxc3 Bxc3 26. a6 b6 27. Bc4 Ke7 28. Rd3 Bd4 29. c3 Bc5 30. Nxe5 Nd6 31. f3 Nxc4 32. Nxc4 Rad8 33. Rhd1 Rxd3 34. Rxd3 Ke6 35. g3 g5 36. Rd1 b5 37. Na5 Rc8 38. f4 Bb6 39. Nb7 c5 40. Rd6+ Ke7 41. Rxh6 b4 42. cxb4 cxb4 0-1


[Site "https://www.chess.com"]

[Event "Titled Tuesday Blitz December 13 Early 2022"]
[White "Iskusnyh, Sergei"]
[Black "Perez Rodriguez, Jennifer"]
[WhiteFideId "4120027"]
[BlackFideId "3507831"]
[WhiteElo "2492"]
[BlackElo "2170"]
[Result "1-0"]
[Round "03"]
[TimeControl "180+1"]
[Date "2022.12.14"]
[WhiteClock "0:00:19"]
[BlackClock "0:00:17"]

1. d4 d5 2. c4 c6 3. Nf3 Nf6 4. e3 e6 5. b3 Bb4+ 6. Nbd2 Ne4 7. Bd3 f5 8. O-O Bxd2 9. Bxd2 O-O 10. Bb4 Rf6 11. Qc2 Nd7 12. a4 Rh6 13. a5 a6 14. Rad1 Qe8 15. Rfe1 Qh5 16. Bf1 Ndf6 17. h3 Ng4 18. Re2 Bd7 19. Nd2 Nexf2 20. Rxf2 Nxe3 21. Be2 Nxc2 22. Bxh5 Nxb4 23. Be2 Re8 24. Nf3 Rf6 25. Ne5 Bc8 26. Rd2 g5 27. Rf1 dxc4 28. bxc4 c5 29. dxc5 Nc6 30. Nxc6 bxc6 31. Rd6 Kg7 32. Rxc6 e5 33. Rb6 e4 34. Rd1 Re5 35. Rd5 Re7 36. Rd8 Be6 37. c6 Rc7 38. Rb7 Rff7 39. Rdb8 f4 40. Bh5 Rfe7 41. Rxc7 Rxc7 42. Rb7 1-0


[Site "https://www.chess.com"]

[Event "Titled Tuesday Blitz December 13 Early 2022"]
[White "Janaszak, Dawid"]
[Black "Jiganchine, Roman"]
[WhiteFideId "1119206"]
[BlackFideId "2603667"]
[WhiteElo "2220"]
[BlackElo "2332"]
[Result "1/2-1/2"]
[Round "03"]
[TimeControl "180+1"]
[Date "2022.12.14"]
[WhiteClock "0:00:21"]
[BlackClock "0:00:05"]

1. d4 d5 2. Bf4 Nf6 3. Nf3 c5 4. e3 e6 5. Nbd2 Nc6 6. c3 Bd6 7. Ne5 O-O 8. Bd3 Qe7 9. Qf3 Nd7 10. Qh3 f5 11. Ndf3 cxd4 12. exd4 Bxe5 13. dxe5 Nc5 14. O-O-O a5 15. Bc2 a4 16. g4 a3 17. b3 Ne4 18. Bxe4 fxe4 19. Ng5 h6 20. Be3 hxg5 21. Qh5 Nxe5 22. h3 Nf3 23. h4 Qf7 24. hxg5 Qxh5 25. gxh5 Bd7 26. h6 gxh6 27. g6 d4 28. Bxh6 Rf6 29. cxd4 Bc6 30. g7 Rc8 31. Kb1 Bd5 32. Bg5 Rg6 33. Rh8+ Kf7 34. Rxc8 Rxg5 35. Rc7+ Kf6 36. Rh1 Rxg7 37. Rh6+ Rg6 38. Rxg6+ Kxg6 39. Rc8 Nxd4 40. Ra8 Nb5 41. Ra5 Bc6 42. Kc2 Kf5 43. Kd2 Kf4 44. Ra8 Ke5 45. Ra4 Kf4 46. Ra8 Ke5 47. Ra4 Kf4 48. Ra5 Ke5 49. Ra4 1/2-1/2


[Site "https://www.chess.com"]